 Dungeon Crawl Stone Soup version 0.20.1-1-g8b1a95d (webtiles) character file.

48 AverageBear the Cutter (level 3, -1/22 HPs)
             Began as a Deep Elf Fighter on July 25, 2017.
             Succumbed to kobold's curare-tipped needle
             ... on level 2 of the Dungeon.
             The game lasted 00:01:56 (1214 turns).

AverageBear the Cutter (Deep Elf Fighter)           Turns: 1214, Time: 00:01:56

Health: -1/22      AC:  6    Str: 14    XL:     3   Next: 50%
Magic:  5/5        EV:  6    Int: 14    God:
Gold:   129        SH:  8    Dex: 14    Spells: 2/2 levels left

rFire    . . .     SeeInvis .   q - +2 dagger (flame)
rCold    . . .     Gourm    .   c - +0 shield
rNeg     . . .     Faith    .   b - +0 scale mail
rPois    .         Spirit   .   (no helmet)
rElec    .         Reflect  .   (no cloak)
rCorr    .         Harm     .   (no gloves)
MR       .....                  (no boots)
Stlth    ..........             i - amulet of magic regeneration
Regen    0.1/turn               k - +2 ring of intelligence
MPRegen  0.2/turn               (no ring)

@: lethally poisoned (-1 -> -22), slowed, very slow
A: no striking features
a: no special abilities


You were on level 2 of the Dungeon.
You were not hungry.

You visited 1 branch of the dungeon, and saw 3 of its levels.

You collected 129 gold pieces.

Inventory:

Hand Weapons
 a - a +0 rapier
 q - a +2 dagger of flaming (weapon)
Armour
 b - a +0 scale mail (worn)
 c - a +0 shield (worn)
Jewellery
 i - an amulet of magic regeneration (around neck)
 k - a +2 ring of intelligence (left hand)
Scrolls
 h - 4 scrolls of recharging
 m - 2 scrolls of remove curse
 n - a scroll of fear
Potions
 d - a potion of might
 l - 2 potions of heal wounds
 p - a potion of brilliance
 r - a potion of cancellation {unknown}
Comestibles
 f - a bread ration
 g - 2 chunks of flesh
 j - a royal jelly
 o - 2 fruits


   Skills:
 - Level 2.4 Fighting
 + Level 3.9 Short Blades
 - Level 2.4 Armour
 - Level 2.4 Shields


You had 2 spell levels left.
You didn't know any spells.

Dungeon Overview and Level Annotations

Branches:
Dungeon (3/15)

Altars:


Message History

The curare-tipped needle hits you.
You are poisoned.
You have difficulty breathing.
You feel yourself slow down.
Things that are here:
a curare-tipped needle; 21 sling bullets You feel sick.
The kobold shoots a curare-tipped needle.
You block the curare-tipped needle.
There is a stone staircase leading up here.
You see here a curare-tipped needle.
The kobold shoots a curare-tipped needle.
You block the curare-tipped needle. You block the worm's attack.
The kobold shoots a curare-tipped needle.
The curare-tipped needle hits you.
You are lethally poisoned!
You have difficulty breathing.
* * * LOW HITPOINT WARNING * * *
You feel as though you will be slow longer.
You climb upwards.
You die...

......### ###...###..##...#
....<...#######..####.##.(.# ##
........................(..### #.
..####..#######.#.#.##.......###.
.## ###......#..#...###(.........
## ##.######.#.###).###...######.
####..### #........##(.#..# ##
........# ###..##.......##.#
......#.###....w@....##.##.###
.##...#..........######.##...#
.##.............## #....#.##
....#.....#####.## #....(..#
.............##..# #.......#
.............###.######.......#
.......(.......#......#.......#
.............#.######.........#
....#........#.######.........#


You could see a worm.

Vanquished Creatures
  An ooze (D:1)
  3 dart slugs
  2 leopard geckos
  A ball python (D:2)
  2 giant cockroaches (D:1)
  6 goblins
  4 hobgoblins (D:1)
  6 kobolds
  6 bats
  3 frilled lizards
  2 rats (D:1)
36 creatures vanquished.

Notes
Turn   | Place    | Note
-------+----------+-------------------------------------------
     0 | D:1      | AverageBear the Deep Elf Fighter began the quest for the Orb.
     0 | D:1      | Reached XP level 1. HP: 13/13 MP: 3/3
   103 | D:1      | Reached XP level 2. HP: 12/18 MP: 4/4
   155 | D:1      | Reached skill level 3 in Short Blades
   575 | D:1      | Reached XP level 3. HP: 15/22 MP: 5/5
  1214 | D:2      | Succumbed to kobold's curare-tipped needle

Skill      XL: |  1  2 |
---------------+-------+-----
Short Blades   | 3 |  3.9
Fighting       | |  2.4
Armour         | |  2.4
Shields        | |  2.4

Action                   || total
-------------------------++-------
Melee: Rapier            ||    93
       Dagger            ||    39
  Use: Scroll            ||     6
       Potion            ||     1
  Eat: Chunk             ||     1
Armor: Scale mail        ||    70
Dodge: Dodged            ||    34
Block: Shield            ||    60
